 Dungeon Crawl Stone Soup version 0.28-a0-1415-g7c84da036a (webtiles) character file.

Game seed: 3056786826266269936

158 lonewolfV2 the Chopper (level 5, -2/47 HPs)
             Began as a Hill Orc Fighter on Jan 7, 2022.
             Slain by Duvessa (3 damage)
             ... on level 4 of the Dungeon.
             The game lasted 00:04:11 (2816 turns).

lonewolfV2 the Chopper (Hill Orc Fighter)           Turns: 2816, Time: 00:04:13

Health: -2/47      AC:  7    Str: 21    XL:     5   Next: 39%
Magic:  0/5        EV:  9    Int:  8    God:
Gold:   175        SH:  0    Dex: 10    Spells: 4/4 levels left

rFire   . . .      SeeInvis .   a - +1 war axe
rCold   . . .      Faith    .   i - orb {guile}
rNeg    . . .      Spirit   +   b - +0 scale mail
rPois   .          Reflect  .   (no helmet)
rElec   .          Harm     .   (no cloak)
rCorr   .          Rampage  .   (no gloves)
Will    .....                   (no boots)
Stlth   ..........              e - amulet of guardian spirit
HPRegen 0.15/turn               (no ring)
MPRegen 0.09/turn               (no ring)

@: mighty, flying
A: no striking features
a: no special abilities


You were on level 4 of the Dungeon.
You visited 1 branch of the dungeon, and saw 4 of its levels.

You collected 175 gold pieces.

Inventory:

Hand Weapons
 a - a +1 war axe (weapon)
Missiles
 g - a throwing net (quivered)
Armour
 b - a +0 scale mail (worn)
 c - a +0 buckler
 i - an orb of guile (worn)
Jewellery
 e - an amulet of guardian spirit (around neck)
 k - an amulet of reflection
Potions
 n - a potion of attraction {unknown}


   Skills:
 + Level 4.4 Fighting
 + Level 5.1 Axes
 + Level 4.1 Armour
 + Level 0.5 Dodging
 + Level 0.5 Stealth
 + Level 3.6 Shields


You had 4 spell levels left.
You didn't know any spells.
Your spell library contained the following spells:

 Spells                   Type           Power      Damage    Failure   Level
 Slow                     Hex            0%         N/A       75%         1
 Summon Small Mammal      Summ           0%         N/A       75%         1
 Call Canine Familiar     Summ           0%         N/A       98%         3
 Confusing Touch          Hex            0%         N/A       98%         3
 Summon Guardian Golem    Hex/Summ       0%         N/A       98%         3
 Vampiric Draining        Necr           0%         2d6       98%         3
 Summon Forest            Summ/Tloc      0%         N/A       100%        5
 Eringya's Noxious Bog    Tmut/Pois      0%         N/A       100%        6
 Summon Hydra             Summ           0%         N/A       100%        7


Dungeon Overview and Level Annotations

Branches:
Dungeon (4/15)
 Temple: D:4-7

Altars:
Nemelex Xobeh
Uskayaw

Annotations:
D:4 Dowan, Duvessa


Message History

You hit Duvessa but do no damage.
Duvessa is moderately wounded.
You closely miss Dowan.
Duvessa hits you with a +0 short sword. x2
Dowan hits you but does no damage.
You closely miss Duvessa.
Duvessa is moderately wounded.
You hit Dowan. Duvessa barely misses you. x2
Dowan smirks and points a slender finger.
Dowan barely misses you.
You barely miss Duvessa.
Duvessa is moderately wounded.
You hit Dowan. Duvessa hits you with a +0 short sword!
Dowan mumbles some strange words.
Dowan blinks!
Duvessa closely misses you.
You closely miss Duvessa.
Duvessa is moderately wounded.
Duvessa hits you but does no damage. Duvessa hits you with a +0 short sword!
* * * LOW HITPOINT WARNING * * *
You slash Duvessa!
Duvessa is moderately wounded.
Duvessa barely misses you. Dowan misses you. Duvessa closely misses you.
You barely miss Duvessa.
Duvessa is moderately wounded.
You closely miss Dowan. Duvessa hits you with a +0 short sword.
* * * LOW HITPOINT WARNING * * *
Dowan hits you with a +0 dagger.
* * * LOW HITPOINT WARNING * * *
Duvessa barely misses you.
It was a potion of flight.
You feel very buoyant.
You fly up into the air.
Duvessa hits you with a +0 short sword.
* * * LOW HITPOINT WARNING * * *
Dowan barely misses you.
You feel very mighty all of a sudden. Duvessa hits you with a +0 short sword.
* * * LOW HITPOINT WARNING * * *
Dowan hits you with a +0 dagger.
* * * LOW HITPOINT WARNING * * *
Duvessa hits you with a +0 short sword.
You die...

#...# .....# ......#
....... ....... ....
.......## ..# ........#
..# ######. #e##
#.####...... #@e#
#.##...#
#+#####.####.##.#.###
....................##
.....................##
...###.......####......
.. #)###...###5.#...###
. #..## ..##...# # #
#### ...#....# #
....##.##...# #


You could see Duvessa (fast) and Dowan.

Vanquished Creatures
  A hound (D:3)
  An iguana (D:2)
  3 adders (D:2)
  A shadow imp (D:3)
  3 dart slugs
  An orc (D:3)
  6 bats
  6 endoplasms
  2 giant cockroaches (D:2)
  3 goblins
  5 hobgoblins
  7 jackals
  3 quokkas
  2 ball pythons (D:2)
  6 frilled lizards
  5 kobolds
  4 rats
59 creatures vanquished.

Vanquished Creatures (collateral kills)
  A goblin (D:3)
1 creature vanquished.

Grand Total: 60 creatures vanquished

Notes
Turn   | Place    | Note
-------+----------+-------------------------------------------
     0 | D:1      | lonewolfV2 the Hill Orc Fighter began the quest for the
                  | Orb.
     0 | D:1      | Reached XP level 1. HP: 19/19 MP: 1/1
   165 | D:1      | Reached XP level 2. HP: 20/27 MP: 2/2
   847 | D:2      | Noticed a golden eye
   849 | D:2      | Found a faded altar of an unknown god.
   851 | D:2      | Noticed a golden eye
   853 | D:2      | Reached skill level 3 in Axes
   853 | D:2      | Reached XP level 3. HP: 30/33 MP: 3/3
   883 | D:2      | Noticed a golden eye
   983 | D:2      | Reached XP level 4. HP: 27/40 MP: 4/4
  1062 | D:2      | Reached skill level 4 in Axes
  1865 | D:2      | Found a hide-covered altar of Uskayaw.
  1930 | D:2      | Noticed a great orb of eyes
  2155 | D:3      | Reached skill level 5 in Axes
  2155 | D:3      | Reached XP level 5. HP: 30/47 MP: 5/5
  2496 | D:3      | Found a sparkling altar of Nemelex Xobeh.
  2768 | D:4      | Noticed a small abomination
  2773 | D:4      | Noticed a toenail golem
  2791 | D:4      | Noticed Dowan
  2792 | D:4      | Noticed Duvessa
  2816 | D:4      | HP: 1/47 [Dowan (4)]
  2816 | D:4      | Slain by Duvessa

Illustrated notes

Levels and vault maps discovered:
D:1:      psy_arrival_basics, layout_rooms, minmay_misc_feat_room,
          chequers_serial_rivers_small_3
D:2:      layout_loops_ring, basic_altar, hellmonk_ecumenical_altar_watching_god
D:3:      layout_rooms, mainiacjoe_overflow_alcove_2
D:4:      layout_loops_corners, fedhas_altar_1, lemuel_tele_altar,
          gammafunk_ghost_abyssal_escape, uniq_duvessa

Skill      XL: |  1  2  3  4 |
---------------+-------------+-----
Fighting       | 4 |  4.4
Axes           | 3 5 |  5.1
Armour         | 4 |  4.1
Dodging        | |  0.5
Stealth        | |  0.5
Shields        | |  3.6

Action                   |  1- 3 |  4- 6 || total
-------------------------+-------+-------++-------
Melee: War axe           |    65 |   131 ||   196
  Use: Scroll            |     2 |     5 ||     7
       Potion            |       |     4 ||     4
Armor: Scale mail        |    36 |    84 ||   120
Dodge: Dodged            |    38 |   108 ||   146
Block: Buckler           |    24 |    11 ||    35

Table legend: (Time is in decaauts)
 A = Elapsed time spent in this place.
 B = Non-inter-level travel time spent in this place.
 C = Inter-level travel time spent in this place.
 D = Time resting spent in this place.
 E = Time spent auto-exploring this place.
 F = Levels seen in this place.
 G = Mean time per level.
                   A        B        C        D        E       F      G
               +--------+--------+--------+--------+--------+-----+--------+
         Total |   2879 |   2826 |     53 |    199 |   1950 |   4 |  719.8 |
       Dungeon |   2879 |   2826 |     53 |    199 |   1950 |   4 |  719.8 |
               +--------+--------+--------+--------+--------+-----+--------+

Top non-repeatable levels by time:
     D:2: 1334 daAuts
     D:1: 852 daAuts
     D:3: 621 daAuts
     D:4: 71 daAuts
